 Dungeon Crawl Stone Soup version 0.19-a0-559-ga3d69d0 (webtiles) character file.

53 wvc the Ogre Mage (level 3, 0/37 HPs)
             Began as an Ogre Wanderer on June 8, 2016.
             Succumbed to an adder's poison
             ... on level 2 of the Dungeon.
             The game lasted 00:02:51 (1941 turns).

wvc the Ogre Mage (Ogre Wanderer)                   Turns: 1941, Time: 00:02:51

Health: 0/37       AC:  3    Str: 21    XL:     3   Next: 89%
Magic:  8/8        EV: 14    Int: 14    God:
Gold:   75         SH:  0    Dex: 13    Spells: 0 memorised, 9 levels left

rFire  . . .     SeeInvis .     c - scroll of teleportation
rCold  . . .     Gourm    .     d - +0 robe
rNeg   . . .     Faith    .     (no shield)
rPois  .         Spirit   .     (helmet restricted)
rElec  .         Dismiss  .     (no cloak)
rCorr  .         Reflect  .     (gloves unavailable)
SustAt .         Harm     .     (boots unavailable)
MR     .....                    (no amulet)
Stlth  ++........               (no ring)
                                (no ring)

@: mighty, agile, lethally poisoned (0 -> -4), not resistant to hostile
enchantments, unstealthy
A: unfitting armour, tough skin 1
a: no special abilities


You were on level 2 of the Dungeon.
You were not hungry.

You visited 1 branch of the dungeon, and saw 2 of its levels.

You collected 75 gold pieces.

Inventory:

Hand Weapons
 k - a +0 whip
Missiles
 h - 2 poisoned javelins (quivered)
Armour
 d - a +0 robe (worn)
Scrolls
 c - a scroll of teleportation (in hand)
Books
 a - a book of Maledictions

   Spells                             Type                      Level
   a - Corona                         Hexes                        1
   b - Ensorcelled Hibernation        Hexes/Ice                    2
   c - Confuse                        Hexes                        3
   d - Tukima's Dance                 Hexes                        3
   e - Dazzling Spray                 Conjuration/Hexes            3
 b - the Guide on Stones

   Spells                             Type                      Level
   a - Sandblast                      Earth                        1
   b - Stone Arrow                    Conjuration/Earth            3
Comestibles
 f - a bread ration
 g - a slice of pizza


   Skills:
 + Level 3.6 Fighting
 + Level 2.3 Maces & Flails
 - Level 1.0 Stealth
   Level 1.0 Shields
 - Level 3.6 Spellcasting
   Level 2.1 Hexes
   Level 1.3 Poison Magic


You had 9 spell levels left.
You didn't know any spells.

Dungeon Overview and Level Annotations

Branches:
Dungeon (2/15)

Altars:


Innate Abilities, Weirdness & Mutations

You are too large for most types of armour.
You have tough skin. (AC +1)


Message History

Wield which item (- for none, * to show all)? (? for menu, Esc to quit)
c - a scroll of teleportation (in hand)
You swing at nothing.
* * * LOW HITPOINT WARNING * * *
You feel sick.
You swing at nothing.
* * * LOW HITPOINT WARNING * * *
You feel sick.
You swing at nothing.
* * * LOW HITPOINT WARNING * * *
You feel sick.
You swing at nothing.
* * * LOW HITPOINT WARNING * * *
You feel sick.
You swing at nothing.
* * * LOW HITPOINT WARNING * * *
You feel sick.
You swing at nothing.
You swing at nothing.
You die...

##.........## .
#....?......###..
#..............
#..............
#....†...?# #
#...#...##.#.#
#.##...>....$..#
..........######
##....###.@..#
#.#......##.###
#......#......#
>.####.####...######
#.. # ##.....).# .
####....#
#.#######.#.##
#.........# .#
#####...### #


There were no monsters in sight!

Vanquished Creatures
  An adder (D:2)
  An ooze (D:1)
  2 dart slugs (D:1)
  2 giant geckos (D:1)
  2 giant cockroaches
  4 goblins (D:1)
  3 hobgoblins (D:1)
  8 bats
  3 giant newts
  6 kobolds
  4 rats
36 creatures vanquished.

Notes
Turn   | Place    | Note
--------------------------------------------------------------
     0 | D:1      | wvc the Ogre Wanderer began the quest for the Orb.
     0 | D:1      | wvc set off with: a book of Maledictions, the Guide on Stones, a scroll of teleportation, a +0 robe, a +0 club, a bread ration
     0 | D:1      | Reached XP level 1. HP: 16/16 MP: 5/5
   348 | D:1      | Reached skill level 1 in Fighting
   556 | D:1      | Reached skill level 1 in Maces & Flails
   556 | D:1      | Reached XP level 2. HP: 14/28 MP: 6/6
  1143 | D:1      | Reached XP level 3. HP: 23/36 MP: 8/8
  1939 | D:2      | HP: 1/37 [poisoned by an adder]
  1941 | D:2      | Succumbed to an adder's poison

Vault maps used:
D:1:      dpeg_arrival_castle
D:2:      kennysheep_minor_cross

Skill      XL: |  1  2  3 |
---------------+----------+-----
Fighting       | 1 2 3 |  3.6
Maces & Flails | 1 2 |  2.3
Stealth        | |  1.0
Shields        | |  1.0
Spellcasting   | |  3.6
Hexes          | |  2.1
Poison Magic   | |  1.3

Action                   || total
-------------------------++-------
Melee: Club              ||   171
       Whip              ||    35
  Use: Potion            ||     2
  Eat: Chunk             ||     4
Armor: Robe              ||   112
Dodge: Dodged            ||   147
